 Dungeon Crawl Stone Soup version 0.18.1-6-gd335043 (webtiles) character file.

88 shmeve the Shield-Bearer (level 4, -1/37 HPs)
             Began as a Formicid Fighter on May 16, 2016.
             Was an Initiate of Okawaru.
             Killed from afar by Natasha (3 damage)
             ... with a magic dart
             ... on level 2 of the Dungeon.
             The game lasted 00:03:19 (1454 turns).

shmeve the Shield-Bearer (Formicid Fighter)         Turns: 1454, Time: 00:03:19

Health: -1/37      AC:  6    Str: 21    XL:     4   Next: 81%
Magic:  4/4        EV:  8    Int:  8    God:    Okawaru [......]
Gold:   105        SH:  9    Dex: 10    Spells: 0 memorised, 3 levels left

rFire  . . .     SeeInvis +     a - +0 war axe
rCold  . . .     Gourm    .     b - +0 scale mail
rNeg   . . .     Faith    .     c - +0 shield
rPois  .         Spirit   .     (helmet unavailable)
rElec  .         Dismiss  .     (no cloak)
rCorr  .         Reflect  .     (no gloves)
SustAt .         Harm     .     (no boots)
MR     .....                    (no amulet)
Stlth  ..........               (no ring)
                                (no ring)

@: not resistant to hostile enchantments, extremely unstealthy
A: permanent stasis, dig shafts and tunnels, four strong arms, antennae 3
a: Dig, Shaft Self, Renounce Religion


You were on level 2 of the Dungeon.
You worshipped Okawaru.
Okawaru was noncommittal.
You were not hungry.

You visited 1 branch of the dungeon, and saw 2 of its levels.

You collected 105 gold pieces.

Inventory:

Hand Weapons
 a - a +0 war axe (weapon)
Armour
 b - a +0 scale mail (worn)
 c - a +0 shield (worn)
Scrolls
 e - 2 scrolls of teleportation {unknown}
 i - a scroll of fear {unknown}
 n - a scroll of fog {unknown}
 r - a scroll of magic mapping {unknown}
 s - a scroll of recharging {unknown}
Potions
 d - a potion of might
 h - 4 potions of haste {unknown}
 j - a potion of lignification {unknown}
 k - a potion of degeneration {unknown}
 m - 2 potions of heal wounds {unknown}
 o - a potion of magic {unknown}
 p - a potion of mutation {unknown}
 t - a potion of resistance {unknown}
Comestibles
 f - 3 bread rations
 g - a royal jelly
 l - a beef jerky
 q - a meat ration


   Skills:
 * Level 4.0 Fighting
 * Level 3.0 Axes
 + Level 3.5 Armour
 + Level 1.0 Dodging
 * Level 4.2 Shields
 + Level 0.0 Invocations


You had 3 spell levels left.
You didn't know any spells.

Dungeon Overview and Level Annotations

Branches:
Dungeon (2/15)

Altars:
Nemelex Xobeh
Okawaru

Annotations:
D:2 Natasha


Innate Abilities, Weirdness & Mutations

You are under a permanent stasis effect.
You can dig through walls and to a lower floor.
Your four strong arms can wield two-handed weapons with a shield.
You have a pair of large antennae on your head (SInv).


Message History

You closely miss the white imp.
The white imp is severely wounded.
The white imp hits you. The white imp freezes you.
You hit the white imp.
You kill the white imp!
You barely miss Natasha. Natasha claws you.
Natasha claws you but does no damage.
You closely miss Natasha. Natasha barely misses you.
Your shield and scale mail prevent you from hitting Natasha.
Natasha claws you. Natasha claws you!
* * * LOW HITPOINT WARNING * * *
Unknown command.
You closely miss Natasha. Natasha claws you.
* * * LOW HITPOINT WARNING * * *
You hit Natasha.
Natasha is lightly wounded.
You block Natasha's attack.
Natasha stares at you and mumbles some strange words.
The magic dart hits you!
You die...

#####.#.#.### #
####.......# #.#
#........#.# #.#
#(####.###. #.# #.######
#.# #.###. #.# #.......
#.# #.##.. #.# #♣♣♣♣♣♣#
#.# #.##.# #.#
##♣≈≈≈≈≈≈♣ ##.####.##.##
#h# ##♣♣♣≈≈≈≈PP≈≈♣
#...........#
#@##♣≈♣≈≈≈≈≈≈≈≈P≈♣
##.####.##..#
#.#≈≈≈≈≈≈≈≈≈≈≈≈≈≈≈
#..........#
#.♣≈≈≈P≈≈≈PP≈P≈≈≈≈
######.#...#
#.#≈≈P≈P≈≈≈≈≈P≈.≈≈
#######.....#
#...♣♣♣≈≈..≈.≈...≈
#.....("...##
####.#............
#.########.#
#..........≈..≈ ..#
#.########>#....P..PP≈≈≈
#.#
#.##..........PP≈≈≈≈≈≈≈≈


You could see Natasha.

Vanquished Creatures
  Jessica (D:2)
  3 adders (D:2)
  An ooze (D:2)
  A giant gecko (D:1)
  2 ball pythons
  5 giant cockroaches (D:2)
  3 goblins
  A hobgoblin (D:1)
  3 bats
  4 giant newts
  3 kobolds (D:2)
  8 rats
35 creatures vanquished.

Notes
Turn   | Place    | Note
--------------------------------------------------------------
     0 | D:1      | shmeve the Formicid Fighter began the quest for the Orb.
     0 | D:1      | Reached XP level 1. HP: 18/18 MP: 1/1
   230 | D:1      | Reached XP level 2. HP: 24/24 MP: 2/2
   406 | D:1      | You fall through a shaft!
   802 | D:1      | You fall through a shaft!
   838 | D:2      | Noticed Jessica
   847 | D:2      | Killed Jessica
   847 | D:2      | Reached XP level 3. HP: 24/30 MP: 3/3
   867 | D:2      | Reached XP level 4. HP: 31/37 MP: 4/4
   961 | D:2      | Reached skill level 1 in Dodging
  1069 | D:2      | Found a sparkling altar of Nemelex Xobeh.
  1373 | D:2      | Found an iron altar of Okawaru.
  1384 | D:2      | Became a worshipper of Warmaster Okawaru
  1440 | D:2      | Noticed Natasha
  1454 | D:2      | Killed from afar by Natasha

Skill      XL: |  1  2  3  4 |
---------------+-------------+-----
Shields        | 4 |  4.2
Fighting       | 4 |  4.0
Axes           | 3 |  3.0
Dodging        | 1 |  1.0
Armour         | |  3.5

Action                   |  1- 3 |  4- 6 || total
-------------------------+-------+-------++-------
Melee: War axe           |    48 |    58 ||   106
 Abil: Shaft Self        |     1 |       ||     1
  Eat: Chunk             |       |     2 ||     2
Armor: Scale mail        |    23 |    25 ||    48
Dodge: Dodged            |    18 |    16 ||    34
Block: Shield            |    23 |    26 ||    49
